 Dungeon Crawl Stone Soup version 0.30-a0-618-gd6c86c23d0 (webtiles) character file.

Game seed: 5476479802107350556

135 avis the Chopper (level 5, -7/47 HPs)
             Began as a Hill Orc Monk on Jan 10, 2023.
             Mangled by a gnoll
             ... wielding a +2 flail of protection
              (8 damage)
             ... on level 3 of the Dungeon.
             The game lasted 00:15:30 (3002 turns).

avis the Chopper (Hill Orc Monk)                    Turns: 3002, Time: 00:15:30

Health: -7/47      AC: 10    Str: 16    XL:     5   Next: 18%
Magic:  5/5        EV:  7    Int: 10    God:
Gold:   145        SH:  0    Dex: 13    Spells: 4/4 levels left

rFire   . . .      SeeInvis .    a - +0 hand axe
rCold   . . .      Faith    .    (no shield)
rNeg    . . .      Spirit   .    n - +0 chain mail
rPois   .          Reflect  .    (no helmet)
rElec   .          Harm     .    (no cloak)
rCorr   .          Rampage  .    j - +0 pair of gloves
Will    .....                    x - +0 pair of boots Stlth
                                 (no amulet)
HPRegen 0.27/turn                (no ring)
MPRegen 0.09/turn                (no ring)

@: no status effects
A: no striking features
a: no special abilities


You were on level 3 of the Dungeon.
You visited 1 branch of the dungeon, and saw 4 of its levels.

You collected 145 gold pieces.

Inventory:

Hand Weapons
 a - a +0 hand axe (weapon)
 f - a +1 dagger of draining
 F - a +0 trident
Missiles
 d - a throwing net (quivered)
 o - 17 poisoned darts
 s - 5 javelins
Armour
 b - a +0 robe
 j - a +0 pair of gloves (worn)
 n - a +0 chain mail (worn)
 w - a +0 chain mail
 x - a +0 pair of boots (worn)
 D - a +0 plate armour
Magical Staves
 k - a staff of earth
Wands
 C - a wand of quicksilver (3)
Scrolls
 e - 5 scrolls of magic mapping {unknown}
 i - a scroll of summoning {unknown}
 m - 2 scrolls of noise {unknown}
 q - a scroll of poison {unknown}
 r - a scroll of fog {unknown}
 u - 2 scrolls of teleportation {unknown}
 v - 2 scrolls of amnesia {unknown}
 y - a scroll of enchant armour {unknown}
 z - a scroll of blinking {unknown}
 A - 2 scrolls of vulnerability {unknown}
 B - a scroll of brand weapon {unknown}
 E - 2 scrolls of identify {unknown}
Potions
 c - a potion of ambrosia
 g - a potion of heal wounds {unknown}
 h - 2 potions of flight {unknown}
 l - 3 potions of mutation {unknown}
 p - 2 potions of lignification {unknown}
 t - a potion of resistance {unknown}


   Skills:
 + Level 4.3 Fighting
 * Level 7.1 Axes
 - Level 2.4 Dodging
 - Level 1.5 Stealth


You had 4 spell levels left.
You didn't know any spells.
Your spell library contained the following spells:

 Spells                   Type           Power      Damage    Failure   Level
 Slow                     Hex            0%         N/A       100%        1
 Static Discharge         Conj/Air       0%         2-2/arc   100%        2
 Confusing Touch          Hex            0%         N/A       100%        3
 Vampiric Draining        Necr           0%         2d6       100%        3
 Vhi's Electric Charge    Tloc/Air       0%         N/A       100%        3
 Arcjolt                  Conj/Air       0%         1d10      100%        5
 Lightning Bolt           Conj/Air       0%         1d11      100%        5
 Summon Forest            Summ/Tloc      0%         N/A       100%        5
 Summon Mana Viper        Hex/Summ       0%         N/A       100%        5
 Summon Cactus Giant      Summ           0%         N/A       100%        6


Dungeon Overview and Level Annotations

Branches:
Dungeon (4/15)
 Temple: D:4-7

Altars:


Message History

There is a stone staircase leading down here.
You start resting.
HP restored.
You climb downwards.
The gnoll hits you with a +2 flail of protection.
There is a stone staircase leading up here.
The gnoll hits you with a +2 flail of protection!
You climb upwards.
There is a stone staircase leading down here.
You slash the gnoll!
The gnoll is heavily wounded.
The gnoll barely misses you.
You hit the gnoll but do no damage.
The gnoll is heavily wounded.
The gnoll hits you with a +2 flail of protection!
You closely miss the gnoll.
The gnoll is heavily wounded.
The gnoll barely misses you.
You hit the gnoll but do no damage.
The gnoll is heavily wounded.
The gnoll hits you with a +2 flail of protection.
You barely miss the gnoll.
The gnoll is heavily wounded.
The gnoll closely misses you.
You hit the gnoll but do no damage.
The gnoll is heavily wounded.
The gnoll hits you with a +2 flail of protection!
* * * LOW HITPOINT WARNING * * *
You closely miss the gnoll.
The gnoll is heavily wounded.
The gnoll hits you with a +2 flail of protection.
* * * LOW HITPOINT WARNING * * *
You hit the gnoll.
The gnoll is almost dead.
The gnoll hits you with a +2 flail of protection!
* * * LOW HITPOINT WARNING * * *
You closely miss the gnoll.
The gnoll is almost dead.
The gnoll hits you with a +2 flail of protection!
You die...

##.....##...#.........#.#
##.##.##.#...#.........#.#
#.###.###..#.#.#########.#
#...#.# ##.......# #รท#
###.#.# #.......# ###'##
#...# #.......# #.....
##.### #.......# #.....
#...# #g#.#.#######.....
###.###@................
#.....[.#.#######.....
###.#####.#....##.....
#.......#....##.....
#....####....##.....
#....####....##.....
#....##.+....####.#.
#....##.#....# #.#.
####..##......# #.#.


You could see a gnoll.

Vanquished Creatures
  A gnoll (D:3)
  5 adders
  3 dart slugs
  A worm (D:2)
  An orc (D:3)
  12 ball pythons
  7 endoplasms
  2 goblins (D:1)
  5 hobgoblins
  10 kobolds
  4 quokkas
  9 bats
  5 frilled lizards
  8 rats
73 creatures vanquished.

Notes
Turn   | Place    | Note
-------+----------+-------------------------------------------
     0 | D:1      | avis the Hill Orc Monk began the quest for the Orb.
     0 | D:1      | Reached XP level 1. HP: 19/19 MP: 1/1
   182 | D:1      | Reached XP level 2. HP: 26/26 MP: 2/2
   279 | D:1      | Reached skill level 5 in Axes
   490 | D:1      | Found a faded altar of an unknown god.
   494 | D:1      | Reached XP level 3. HP: 29/31 MP: 3/3
  1241 | D:2      | Reached skill level 6 in Axes
  1759 | D:2      | Reached XP level 4. HP: 38/40 MP: 4/4
  2275 | D:3      | Reached XP level 5. HP: 41/46 MP: 5/5
  2568 | D:3      | Reached skill level 7 in Axes
  3001 | D:3      | HP: 1/47 [gnoll/+2 flail of protection (8)]
  3002 | D:3      | Mangled by a gnoll

Illustrated notes

Levels and vault maps discovered:
D:1:      dpeg_arrival_snail, layout_loops_ring,
          dreamdust_ecumenical_altar_statues, minmay_pentomino_q2
D:2:      layout_basic, minmay_snake_closets
D:3:      minmay_evil_eye, layout_basic, hex_intersection
D:4:      minmay_angry_zag, layout_rooms, mainiacjoe_overflow_surrounded_room,
          gammafunk_temple_overflow_statue, kennysheep_nondescript

Skill      XL: |  1  2  3  4  5 |
---------------+----------------+-----
Axes           | 5 6 7 |  7.1
Fighting       | 4 |  4.3
Dodging        | |  2.4
Stealth        | |  1.5

Action                   |  1- 3 |  4- 6 || total
-------------------------+-------+-------++-------
Melee: Hand axe          |   139 |   104 ||   243
       Punch             |       |     1 ||     1
Throw: Stone             |       |    12 ||    12
       Dart              |       |     4 ||     4
Armor: Ring mail         |    20 |       ||    20
       Chain mail        |    49 |    45 ||    94
Dodge: Dodged            |    45 |    23 ||    68

Table legend: (Time is in decaauts)
 A = Elapsed time spent in this place.
 B = Non-inter-level travel time spent in this place.
 C = Inter-level travel time spent in this place.
 D = Time resting spent in this place.
 E = Time spent auto-exploring this place.
 F = Levels seen in this place.
 G = Mean time per level.
                   A        B        C        D        E       F      G
               +--------+--------+--------+--------+--------+-----+--------+
         Total |   3004 |   2688 |    316 |    191 |   1616 |   4 |  751.0 |
       Dungeon |   3004 |   2688 |    316 |    191 |   1616 |   4 |  751.0 |
               +--------+--------+--------+--------+--------+-----+--------+

Top non-repeatable levels by time:
     D:2: 1203 daAuts
     D:1: 900 daAuts
     D:3: 868 daAuts
     D:4: 31 daAuts
